 Dungeon Crawl Stone Soup version 0.18.1-50-g88ac8fd (webtiles) character file.

53 Nordron the Changer (level 3, -1/23 HPs)
             Began as an Octopode Transmuter on Oct 2, 2016.
             Slain by a kobold
             ... wielding a +0 club
              (2 damage)
             ... on level 3 of the Dungeon.
             The game lasted 00:02:44 (1164 turns).

Nordron the Changer (Octopode Transmuter)           Turns: 1164, Time: 00:02:45

Health: -1/23      AC:  1    Str:  9    XL:     3   Next: 89%
Magic:  6/6        EV: 12    Int: 15    God:
Gold:   82         SH:  0    Dex: 13    Spells: 1 memorised, 5 levels left

rFire  . . .     SeeInvis .       - Unarmed
rCold  . . .     Gourm    .     (no shield)
rNeg   . . .     Faith    .     (helmet restricted)
rPois  .         Spirit   .     (no amulet)
rElec  .         Dismiss  .     (no ring)
rCorr  .         Reflect  .     (no ring)
SustAt .         Harm     .     (no ring)
MR     .....                    (no ring)
Stlth  ++........               (no ring)
                                (no ring)
                                (no ring)
                                (no ring)

@: appendage, not resistant to hostile enchantments, unstealthy
A: almost no armour, amphibious, 8 rings, constrict 8, tentacle spike 3,
camouflage 1, gelatinous body 1
a: End Transformation


You were on level 3 of the Dungeon.
You were not hungry.
One of your tentacles had a temporary spike.
You visited 1 branch of the dungeon, and saw 3 of its levels.

You collected 82 gold pieces.

Inventory:

Missiles
 a - 37 arrows
Jewellery
 j - an uncursed ring of protection from cold {unknown}
Scrolls
 d - 2 scrolls of identify {unknown}
 e - a scroll of remove curse {unknown}
 g - a scroll of fog {unknown}
 h - a scroll of teleportation {unknown}
 l - a scroll of enchant weapon {unknown}
Potions
 i - 2 potions of lignification {unknown}
 m - a potion of berserk rage {unknown}
Books
 b - a book of Changes

   Spells                             Type                      Level
   a - Beastly Appendage              Transmutation                1
   b - Sticks to Snakes               Transmutation                2
   c - Spider Form                    Transmutation/Poison         3
   d - Ice Form                       Ice/Transmutation            4
   e - Blade Hands                    Transmutation                5
Comestibles
 c - 2 bread rations
 f - 2 chunks of flesh
 k - a meat ration


   Skills:
 - Level 1.0 Fighting
 - Level 2.0 Dodging
 - Level 3.0 Unarmed Combat
 - Level 2.0 Spellcasting
 * Level 4.0 Transmutations


You had 5 spell levels left.
You knew the following spells:

 Your Spells              Type           Power        Failure   Level  Hunger
a - Beastly Appendage     Trmt           ##....       4%          1    #......


Dungeon Overview and Level Annotations

Branches:
Dungeon (2/15)

Altars:


Innate Abilities, Weirdness & Mutations

You cannot wear most types of armour.
You are amphibious.
You can wear up to eight rings at the same time.
You can use your tentacles to constrict eight enemies at once.
Your skin changes colour to match your surroundings (Stealth).
Your rubbery body absorbs attacks (AC +1).
One of your tentacles bears a large vicious spike.


Message History

You constrict the orc priest.
The orc priest invokes the aid of Beogh against you.
Pain shoots through your body! The kobold barely misses you.
You tentacle-slap the orc priest.
You squeeze the orc priest, but do no damage.
The orc priest is severely wounded.
You constrict the orc priest. The orc priest hits you with a flail.
* * * LOW HITPOINT WARNING * * *
The kobold barely misses you.
You barely miss the orc priest.
The orc priest is almost dead.
You constrict the orc priest. The kobold closely misses you.
The orc priest hits you with a flail.
* * * LOW HITPOINT WARNING * * *
You tentacle-slap the orc priest but do no damage.
You pierce the orc priest, but do no damage.
The orc priest is almost dead.
You constrict the orc priest, but do no damage.
The kobold hits you with a club.
You die...

#. #. #. ##. ####
#<. ..# #.. #.#
###.K#####.######
#...[@..........#
#.#.o#####.####.#
#$. #.# #.# ....
#.# #.# ..#.. ..#
#.# #####.
######.# #.
#.....# #.
#.##### ##+ #.#


You could see an orc priest and a kobold.

Vanquished Creatures
  An orc priest (D:3)
  3 giant geckos (D:1)
  A ball python (D:1)
  A bat (D:1)
  2 giant cockroaches
  3 goblins
  3 hobgoblins
  2 kobolds
  3 giant newts
  A rat (D:1)
20 creatures vanquished.

Notes
Turn   | Place    | Note
--------------------------------------------------------------
     0 | D:1      | Nordron the Octopode Transmuter began the quest for the Orb.
     0 | D:1      | Reached XP level 1. HP: 13/13 MP: 3/3
   222 | D:1      | Reached XP level 2. HP: 18/18 MP: 3/5
   440 | D:1      | Reached skill level 3 in Transmutations
  1117 | D:2      | Reached XP level 3. HP: 21/23 MP: 4/6
  1132 | D:2      | You fall through a shaft!
  1159 | D:3      | Reached skill level 4 in Transmutations
  1163 | D:3      | HP: 1/23 [orc priest/flail (3)]
  1164 | D:3      | Slain by a kobold

Skill      XL: |  1  2  3 |
---------------+----------+-----
Transmutations | 3 4 |  4.0
Fighting       | |  1.0
Dodging        | |  2.0
Unarmed Combat | |  3.0
Spellcasting   | |  2.0

Action                   || total
-------------------------++-------
Melee: Unarmed           ||    48
       Kick              ||    12
       Constrict         ||    13
       Tentacles         ||    13
 Cast: Beastly Appendage ||    16
 Stab: Sleeping          ||     2
       Distracted        ||     1
  Eat: Chunk             ||     1
Armor: Skin              ||     1
Dodge: Dodged            ||    24
